 Dungeon Crawl Stone Soup version 0.29-a0-355-g7276a9ff7f (webtiles) character file.

Game seed: 9809709409139261360

80 Kaptain the Digger (level 4, -1/26 HPs)
             Began as a Gargoyle Earth Elementalist on Apr 25, 2022.
             Slain by Crazy Yiuf
             ... wielding a +3 quarterstaff of chaos
              (12 damage)
             ... on level 2 of the Dungeon.
             The game lasted 00:04:51 (2214 turns).

Kaptain the Digger (Gargoyle Earth Elementalist)    Turns: 2214, Time: 00:04:51

Health: -1/26      AC:  5    Str: 12    XL:     4   Next: 39%
Magic:  0/7        EV: 12    Int: 17    God:
Gold:   125        SH:  0    Dex: 10    Spells: 4/8 levels left

rFire   . . .      SeeInvis .   i - +0 hunting sling
rCold   . . .      Faith    .   (no shield)
rNeg    + . .      Spirit   .   b - +0 robe
rPois   ∞          Reflect  .   (no helmet)
rElec   +          Harm     .   (no cloak)
rCorr   .          Rampage  .   (no gloves)
Will    .....                   (no boots)
Stlth   ++........              (no amulet)
HPRegen 0.08/turn               (no ring)
MPRegen 0.10/turn               (no ring)

@: no status effects
A: sickness immunity, AC +3, negative energy resistance 1, electricity
resistance, torment resistance 1, petrification resistance
a: no special abilities


You were on level 2 of the Dungeon.
You visited 1 branch of the dungeon, and saw 2 of its levels.

You collected 125 gold pieces.

Inventory:

Hand Weapons
 i - a +0 hunting sling (weapon)
 j - a +0 flail of venom
 m - a +0 short sword
Missiles
 a - 107 stones
Armour
 b - a +0 robe (worn)
Magical Staves
 h - a staff of death
Wands
 n - a wand of flame (18)
Scrolls
 e - a scroll of teleportation {unknown}
 g - a scroll of magic mapping {unknown}
 k - 2 scrolls of vulnerability {unknown}
 l - 2 scrolls of identify {unknown}
Potions
 c - a potion of magic
 d - a potion of ambrosia {unknown}
 f - a potion of might {unknown}
 o - a potion of flight {unknown}


   Skills:
 * Level 1.7 Fighting
 + Level 1.1 Armour
 - Level 1.6 Dodging
 - Level 2.3 Stealth
 * Level 2.5 Spellcasting
 * Level 1.5 Conjurations
 - Level 0.9 Transmutations
 * Level 4.2 Earth Magic


You had 4 spell levels left.
You knew the following spells:

 Your Spells              Type           Power      Damage    Failure   Level
a - Sandblast             Erth           32%        2d9       3%          1
b - Stone Arrow           Conj/Erth      22%        3d8       17%         3

Your spell library contained the following spells:

 Spells                   Type           Power      Damage    Failure   Level
 Passwall                 Tmut/Erth      9%         N/A       10%         2
 Petrify                  Tmut/Erth      11%        N/A       52%         4


Dungeon Overview and Level Annotations

Branches:
Dungeon (2/15)

Altars:

Annotations:
D:2 Crazy Yiuf


Innate Abilities, Weirdness & Mutations

You are immune to sickness and miasma.
Your stone body is resilient. (AC +3)
You are immune to poison.
You resist negative energy. (rN+)
You are resistant to electric shocks. (rElec)
You are resistant to unholy torment.
You are immune to petrification.


Message History

[Y]es or [N]o only, please.
The spell is quite dangerous to miscast (17% risk of failure)!
Continue anyway? [Y]es or [N]o only, please.
The spell is quite dangerous to miscast (17% risk of failure)!
Continue anyway?
Okay, then.
Unknown command.
Casting: Stone Arrow (quite dangerous; 17% risk of failure)
Confirm with . or Enter, or press ? or * to list all spells.
The spell is quite dangerous to miscast (17% risk of failure)!
Continue anyway?
Okay, then.
Unknown command.
Casting: Stone Arrow (quite dangerous; 17% risk of failure)
Confirm with . or Enter, or press ? or * to list all spells.
The spell is quite dangerous to miscast (17% risk of failure)!
Continue anyway?
Aiming: Stone Arrow (quite dangerous; 17% risk of failure)
Press: ? - help, Shift-Dir - straight line Unknown command.
Casting: Stone Arrow (quite dangerous; 17% risk of failure)
Confirm with . or Enter, or press ? or * to list all spells.
The spell is quite dangerous to miscast (17% risk of failure)!
Continue anyway?
Aiming: Stone Arrow (quite dangerous; 17% risk of failure)
Press: ? - help, Shift-Dir - straight line The stone arrow hits something!
Something hits you!
Something tries to affect you, but you resist.
Unknown command.
Casting: Stone Arrow (quite dangerous; 17% risk of failure)
Confirm with . or Enter, or press ? or * to list all spells.
Aiming: Sandblast (safe; 3% risk of failure)
Press: ? - help, Shift-Dir - straight line The blast of sand hits something!
a - 107 stones Something hits you.
Something tries to affect you, but you resist.
Unknown command.
Casting: Sandblast (safe; 3% risk of failure)
Confirm with . or Enter, or press ? or * to list all spells.
Okay, then.
Unknown command.
Something hits you!
You die...

.......#
#####......)...#....
.......#
#........###....
######.# ########.#
##### #.# ### #.##
#..##### ###
##..#..## ###..)#
#.....)####.'...#
##...)).#.@##...#
###...#.### ###
#######


There were no monsters in sight!

Vanquished Creatures
  3 adders (D:2)
  A worm (D:2)
  9 ball pythons
  6 bats
  3 endoplasms (D:2)
  5 goblins
  6 hobgoblins
  A quokka (D:1)
  11 frilled lizards
  5 kobolds
  3 rats
53 creatures vanquished.

Notes
Turn   | Place    | Note
-------+----------+-------------------------------------------
     0 | D:1      | Kaptain the Gargoyle Earth Elementalist began the quest for
                  | the Orb.
     0 | D:1      | Reached XP level 1. HP: 10/10 MP: 3/3
   124 | D:1      | Reached XP level 2. HP: 15/15 MP: 3/5
   817 | D:1      | Reached XP level 3. HP: 20/20 MP: 6/6
   821 | D:1      | Learned a level 3 spell: Stone Arrow
   878 | D:1      | Reached skill level 1 in Fighting
   879 | D:1      | Reached skill level 1 in Conjurations
   943 | D:1      | Reached skill level 4 in Earth Magic
  1654 | D:2      | Reached XP level 4. HP: 25/25 MP: 7/7
  1677 | D:2      | Reached skill level 1 in Armour
  2205 | D:2      | Found a runed translucent door.
  2206 | D:2      | Noticed Crazy Yiuf
  2214 | D:2      | Slain by Crazy Yiuf

Illustrated notes

Levels and vault maps discovered:
D:1:      lightli_arrival_chessboard, layout_basic, minmay_lizard_pond
D:2:      layout_rooms, minivault_5, uniq_crazy_yiuf_cottage

Skill      XL: |  1  2  3  4 |
---------------+-------------+-----
Fighting       | 1 |  1.7
Conjurations   | 1 |  1.5
Earth Magic    | 4 |  4.2
Armour         | 1 |  1.1
Dodging        | |  1.6
Stealth        | |  2.3
Spellcasting   | |  2.5
Transmutations | |  0.9

Action                   |  1- 3 |  4- 6 || total
-------------------------+-------+-------++-------
Melee: Unarmed           |     7 |       ||     7
       Dagger            |    18 |       ||    18
 Fire: Hunting sling     |    30 |    14 ||    44
 Cast: Sandblast         |    43 |    12 ||    55
       Stone Arrow       |       |     2 ||     2
Armor: Robe              |    10 |     4 ||    14
Dodge: Dodged            |    29 |     4 ||    33

Table legend: (Time is in decaauts)
 A = Elapsed time spent in this place.
 B = Non-inter-level travel time spent in this place.
 C = Inter-level travel time spent in this place.
 D = Time resting spent in this place.
 E = Time spent auto-exploring this place.
 F = Levels seen in this place.
 G = Mean time per level.
                   A        B        C        D        E       F      G
               +--------+--------+--------+--------+--------+-----+--------+
         Total |   2234 |   2207 |     27 |    725 |   1131 |   2 | 1117.0 |
       Dungeon |   2234 |   2207 |     27 |    725 |   1131 |   2 | 1117.0 |
               +--------+--------+--------+--------+--------+-----+--------+

Top non-repeatable levels by time:
     D:1: 1394 daAuts
     D:2: 840 daAuts
